 Dungeon Sprint DCSS version 0.31-a0-667-g39726597b9 (webtiles) character file.

Game seed: 6382883392136111816

709 Revguard the Fighter (level 8, -2/71 HPs)
             Began as a Formicid Fighter on Sept 4, 2023.
             Was a Priest of Okawaru.
             Slain by a cane toad (16 damage)
             ... in the Dungeon (Sprint V: "Ziggurat Sprint").
             The game lasted 00:03:32 (239 turns).

Revguard the Fighter (Formicid Fighter)              Turns: 239, Time: 00:03:34

Health: -2/71      AC: 30    Str: 35    XL:     8   Next: 0%
Magic:  10/12      EV:  8    Int: 11    God:    Okawaru [***...]
Gold:   0          SH: 31    Dex: 15    Spells: 7/7 levels left

rFire   . . .        C - +10 dark maul {heavy}
rCold   . . .        B - +18 shield of the Gong {Loud rN+ Will+ rCorr EV-5}
rNeg    + . .        A - +15 Maxwell's patent armour {-Cast -Tele rElec Will+ rCorr}
rPois   .            (helmet unavailable)
rElec   +            (no cloak)
rCorr   +            (no gloves)
SInv    +            (no boots)
Will    ++...        l - amulet of regeneration Stlth
                     v - +6 ring of strength
HPRegen 1.11/turn    a - ring of Paneuqoi {rElec Str+6 Int+3 Dex+2}
MPRegen 0.13/turn

%: no spellcasting
@: lethally poisoned (-2 -> -9), heroic
A: permanent stasis, dig shafts and tunnels, antennae 3, four strong arms
a: Dig, Renounce Religion, Heroism


You were in the Dungeon.
You worshipped Okawaru.
Okawaru was most pleased with you.
You visited 1 branch

Inventory:

Hand Weapons
 C - the +10 dark maul (weapon) {heavy}
   (You found it in the Dungeon)
Armour
 A - the +15 Maxwell's patent armour (worn) {-Cast -Tele rElec Will+ rCorr}
   (You found it in the Dungeon)

   rElec:     It insulates you from electricity.
   Will+:     It increases your willpower.
   -Cast:     It prevents spellcasting.
   -Tele:     It prevents most forms of teleportation.
   rCorr:     It protects you from acid and corrosion.
 B - the +18 shield of the Gong (worn) {Loud rN+ Will+ rCorr EV-5}
   (You found it in the Dungeon)

   Loud:      It is deafeningly noisy when blocking attacks.
   EV-5:      It affects your evasion (-5).
   rN+:       It protects you from negative energy.
   Will+:     It increases your willpower.
   rCorr:     It protects you from acid and corrosion.
Jewellery
 a - the ring of Paneuqoi (right hand) {rElec Str+6 Int+3 Dex+2}
   (You found it in the Dungeon)

   [ring of strength]

   Str+6:     It affects your strength (+6).
   Int+3:     It affects your intelligence (+3).
   Dex+2:     It affects your dexterity (+2).
   rElec:     It insulates you from electricity.
 c - the ring of Kiwil {Fire rCorr Int+3 Dex+3}
   (You found it in the Dungeon)

   [ring of fire]

   Fire:      It enhances your fire magic.
   Int+3:     It affects your intelligence (+3).
   Dex+3:     It affects your dexterity (+3).
   rF+:       It protects you from fire.
   rC-:       It makes you vulnerable to cold.
   rCorr:     It protects you from acid and corrosion.
 l - an amulet of regeneration (around neck)
 v - a +6 ring of strength (left hand)
 w - a +6 ring of strength
Wands
 b - a wand of flame (13)
 x - a wand of mindburst (7)
 y - a wand of iceblast (7)
 z - a wand of quicksilver (7)
Scrolls
 h - 4 scrolls of blinking
 m - 4 scrolls of amnesia
 n - 7 scrolls of fog
 o - 5 scrolls of identify
 p - 2 scrolls of fear
Potions
 d - 6 potions of might
 e - 10 potions of curing
 f - 9 potions of heal wounds
 g - 7 potions of magic
 i - 2 potions of brilliance
 j - 2 potions of invisibility
 k - 4 potions of resistance


   Skills:
 * Level 9.4(14.4) Fighting
 * Level 8.3(13.3) Maces & Flails
 + Level 7.2(12.2) Armour
 + Level 5.0(10.0) Dodging
 + Level 8.5(13.5) Shields
 + Level 5.6 Invocations
 + Level 5.2 Evocations


You had 7 spell levels left.
You didn't know any spells.
Your spell library contained the following spells:

 Spells                   Type           Power      Damage    Failure   Level
 Portal Projectile        Hex/Tloc       0%         N/A       100%        3
 Leda's Liquefaction      Hex/Erth       0%         N/A       100%        4
 Borgnjor's Vile Clutch   Necr/Erth      0%         N/A       100%        5
 Call Canine Familiar     Summ           Unusable   N/A       N/A         3
 Animate Dead             Necr           Unusable   N/A       N/A         4
 Death Channel            Necr           Unusable   N/A       N/A         6

Dungeon Overview and Level Annotations

Branches:
Dungeon (1/1)

Altars:
Ashenzari
Cheibriados
Dithmenos
Elyvilon
Fedhas
Gozag
Hepliaklqana
Kikubaaqudgha
Makhleb
Nemelex Xobeh
Okawaru
Qazlal
Ru
Sif Muna
Trog
Uskayaw
Vehumet
Wu Jian
Xom
Yredelemnul
Zin
The Shining One
Jiyva
Lugonu

Annotations:
D 1 transporter


Innate Abilities, Weirdness & Mutations

You cannot be hasted, slowed, berserked, paralysed or teleported.
You can dig through walls and to a lower floor.
You have a pair of large antennae on your head. (SInv)
Your four strong arms can wield two-handed weapons with a shield.


Message History

SHROANNG!
You block the bullfrog's attack.
GONNNNG!
The cane toad barely misses you. You block the cane toad's attack.
BONNNG!
The basilisk bites you but does no damage.
The cane toad stings you but does no damage.
The bullfrog completely misses you. The cane toad stings you.
You are poisoned.
The cane toad poisons you! The basilisk gazes at you.
You resist with almost no effort. You block the bullfrog's attack.
PTOANNNG!
The cane toad stings you but does no damage. x2
The basilisk bites you but does no damage.
The cane toad stings you!
* * * LOW HITPOINT WARNING * * *
You are more poisoned.
The cane toad poisons you!
You feel much better.
You feel extremely sick. You block the basilisk's attack.
PANG!
You block the cane toad's attack.
BOUMMMMG!
The cane toad closely misses you.
You closely miss the basilisk.
The basilisk is severely wounded.
* * * LOW HITPOINT WARNING * * *
You feel extremely sick.
The bullfrog swells and bulges.
You block the bullfrog's attack.
BONNNG!
You block the bullfrog's attack.
PTOANNNG!
You block the cane toad's attack.
PTOANNNG!
The basilisk bites you but does no damage.
The cane toad stings you!
You die... ▓▓▓▓▓▓▓▓▓▓▓▓▓▓▓▓▓▓▓ ▓..8©8..▓ {{{{

▓..):)..▓
{{{
▓../))..▓
▓.......▓
▓.......▓
▓.......▓
▓..wFl..▓
▓..F@F..▓
▓...©...▓
▓▓▓▓▓▓▓▓▓
{{{ {{{


You could see a torpor snail, 2 cane toads, a basilisk and a bullfrog.

Vanquished Creatures
  2 merfolk (D)
  A wolf (D)
  2 orc priests (D)
  3 orc wizards (D)
  3 adders (D)
  4 orcs (D)
  4 ball pythons (D)
19 creatures vanquished.

Notes
Turn   | Place    | Note
-------+----------+-------------------------------------------
     0 | D        | Revguard the Formicid Fighter began the quest for the Orb.
     0 | D        | Reached XP level 1. HP: 18/18 MP: 1/1
     0 | D        | Found a blossoming altar of Fedhas.
     0 | D        | Found the +6 Majin-Bo {spellvamp, MP+6 Int+6}
     0 | D        | Found the +27 heavy crossbow "Sniper" {heavy, Acc+∞ SInv}
     0 | D        | Found the +10 dark maul {heavy}
     0 | D        | Found the +15 Maxwell's patent armour {-Cast -Tele rElec
                  | Will+ rCorr}
     0 | D        | Found the +18 shield of the Gong {Loud rN+ Will+ rCorr
                  | EV-5}
     0 | D        | Found the +16 obsidian axe {drain, demonic, Mesm Drain Fly
                  | SInv}
     0 | D        | Found the +7 great mace "Firestarter" {flame, immolate,
                  | rFlCloud rF++}
     0 | D        | Found the +6 shillelagh "Devastator" {shatter}
     0 | D        | Found the +11 plutonium sword {Contam Stlth-}
     0 | D        | Found the +8 lance "Wyrmbane" {slay drac, rPois rF+ rC+
                  | AC+3}
     0 | D        | Found the +9 sword of Zonguldrok {reap}
     0 | D        | Found the +13 scythe of Curses {drain, curses, Drain}
     0 | D        | Found the +9 sword of Power {lifebolt}
     0 | D        | Found the +7 mace of Variability {chaos, chaos arc}
     0 | D        | Found the +11 Singing Sword {sonic wave}
     0 | D        | Found the +8 storm bow {elec, penet}
     1 | D        | Found a shimmering blue altar of Sif Muna.
     1 | D        | Found a sacrificial altar of Ru.
     1 | D        | Found a bloodstained altar of Trog.
     1 | D        | Found a stormy altar of Qazlal.
     1 | D        | Found an iron altar of Okawaru.
     1 | D        | Found a sparkling altar of Nemelex Xobeh.
     3 | D        | Found a transporter.
     3 | D        | Found an ancient bone altar of Kikubaaqudgha.
     3 | D        | Found a viscous altar of Jiyva.
     3 | D        | Found a corrupted altar of Lugonu.
     3 | D        | Found a hazy altar of Hepliaklqana.
     3 | D        | Found a burning altar of Makhleb.
     3 | D        | Found an opulent altar of Gozag.
    50 | D        | Became a worshipper of Warmaster Okawaru
    52 | D        | Reached skill level 5 in Fighting
    52 | D        | Reached skill level 5 in Shields
    52 | D        | Reached XP level 2. HP: 27/27 MP: 2/2
    63 | D        | Entered arena 2.
    63 | D        | Noticed a merfolk
    63 | D        | Noticed a merfolk
    63 | D        | Found a transporter.
    66 | D        | Killed a merfolk
    66 | D        | Reached * piety under Okawaru
    66 | D        | Reached ** piety under Okawaru
    67 | D        | Reached skill level 7 in Fighting
    67 | D        | Reached skill level 5 in Armour
    67 | D        | Reached XP level 3. HP: 24/36 MP: 2/5
    67 | D        | Reached XP level 4. HP: 29/43 MP: 2/6
    67 | D        | Reached XP level 5. HP: 33/48 MP: 2/7
    67 | D        | Reached XP level 6. HP: 37/55 MP: 2/8
    70 | D        | Killed a merfolk
    70 | D        | Reached *** piety under Okawaru
    71 | D        | Reached skill level 8 in Fighting
    71 | D        | Reached XP level 7. HP: 39/63 MP: 3/10
   149 | D        | Entered arena 3.
   149 | D        | Found a transporter.
   160 | D        | Got the ring of Paneuqoi {rElec Str+6 Int+3 Dex+2}
   170 | D        | Entered arena 4.
   170 | D        | Found a transporter.
   175 | D        | Reached skill level 5 in Invocations
   186 | D        | Entered arena 5.
   186 | D        | Found a transporter.
   200 | D        | Got the ring of Kiwil {Fire rCorr Int+3 Dex+3}
   213 | D        | Entered arena 6.
   213 | D        | Found a transporter.
   216 | D        | Reached skill level 9 in Fighting
   222 | D        | Reached skill level 5 in Evocations
   232 | D        | Entered arena 7.
   232 | D        | Noticed a torpor snail
   232 | D        | Noticed a basilisk
   232 | D        | Noticed a cane toad
   232 | D        | Noticed a cane toad
   234 | D        | Found a transporter.
   236 | D        | Reached skill level 5 in Dodging
   236 | D        | Reached XP level 8. HP: 54/71 MP: 9/12
   239 | D        | Slain by a cane toad

Illustrated notes

Levels and vault maps discovered:
D:        sprint_v [room_start, room_1, room_2, room_3, room_4, room_5, room_6,
          room_7, room_8, room_9, room_10, room_11, room_12, room_13, room_14,
          room_15, room_16, room_17, room_18, room_19, room_20, room_21,
          room_22, room_23, room_24, room_25, room_26, room_27]

Skill      XL: |  1  2  3  4  5  6  7 |
---------------+----------------------+-----
Fighting       | 5 7 8 9 |  9.4
Maces & Flails | 4 6 7 8 |  8.3
Armour         | 4 5 6 7 |  7.2
Dodging        | 2 3 4 5 |  5.0
Shields        | 5 7 8 |  8.5
Invocations    | 3 4 5 |  5.6
Evocations     | 3 4 5 |  5.2

Action                     |  1- 3 |  4- 6 |  7- 9 || total
---------------------------+-------+-------+-------++-------
  Melee: Maul              |     2 |     4 |    32 ||    38
 Invoke: Heroism           |       |       |     1 ||     1
    Use: Potion            |     1 |       |     1 ||     2
 Armour: Plate armour      |     4 |     3 |   105 ||   112
  Dodge: Dodged            |       |       |    14 ||    14
  Block: Kite shield       |     9 |     6 |   113 ||   128

Table legend: (Time is in decaauts)
 A = Elapsed time spent in this place.
 B = Non-inter-level travel time spent in this place.
 C = Inter-level travel time spent in this place.
 D = Time resting spent in this place.
 E = Time spent auto-exploring this place.
 F = Levels seen in this place.
 G = Mean time per level.
                   A        B        C        D        E       F      G
               +--------+--------+--------+--------+--------+-----+--------+
         Total |    318 |    318 |      0 |     61 |      0 |   1 |  318.0 |
       Dungeon |    318 |    318 |      0 |     61 |      0 |   1 |  318.0 |
               +--------+--------+--------+--------+--------+-----+--------+

Top non-repeatable levels by time:
       D: 318 daAuts
